 Dungeon Crawl Stone Soup version 0.17-a0-2127-g1cb09f6 (webtiles) character file.

118 Reofec the Cudgeler (level 5, -1/32 HPs)
             Began as a Gargoyle Gladiator on Oct 22, 2015.
             Was an Initiate of Zin.
             Slain by a gnoll
             ... wielding a +0 flail
              (8 damage)
             ... on level 3 of the Dungeon.
             The game lasted 00:19:01 (2599 turns).

Reofec the Cudgeler (Gargoyle Gladiator)            Turns: 2599, Time: 00:19:02

Health: -1/32      AC:  8    Str: 19    XL:     5   Next: 2%
Magic:  5/5        EV: 12    Int:  9    God:    Zin [......]
Gold:   55         SH:  0    Dex: 10    Spells: 0 memorised, 4 levels left

rFire  . . .     SeeInvis .     a - +0 flail
rCold  . . .     Clarity  .     b - +0 leather armour
rNeg   + . .     SustAt   .     (no shield)
rPois  ∞         Gourm    .     c - +0 helmet
rElec  +         Spirit   .     (no cloak)
rCorr  .         Warding  .     (no gloves)
rMut   .         Stasis   .     (no boots)
MR     .....                    (no amulet)
Stlth  +.........               (no ring)
                                (no ring)

@: not resistant to hostile enchantments, very unstealthy
A: negative energy resistance 1, electricity resistance, unbreathing,
petrification resistance, rot immunity, AC +4
a: Donate Gold, Renounce Religion


You were on level 3 of the Dungeon.
You worshipped Zin.
Zin was noncommittal.
You were not hungry.

You visited 1 branch of the dungeon, and saw 3 of its levels.

You collected 88 gold pieces.
You donated 33 gold pieces to Zin.

Inventory:

Hand Weapons
 a - a +0 flail (weapon)
Missiles
 d - 3 throwing nets (quivered)
Armour
 b - a +0 leather armour (worn)
 c - a +0 helmet (worn)
 i - a +0 ring mail
 m - a +0 chain mail
Jewellery
 f - an uncursed ring of ice
 j - a +4 ring of intelligence {unknown}
 n - a cursed -4 ring of strength {unknown}
Wands
 q - a wand of flame (16)
Scrolls
 h - 2 scrolls of noise {unknown}
 k - a scroll of random uselessness {unknown}
 p - a scroll of remove curse {unknown}
Potions
 l - a potion of curing
Books
 r - a book of Death

   Spells                             Type                      Level
   a - Corpse Rot                     Necromancy                   2
   b - Sublimation of Blood           Necromancy                   2
   c - Agony                          Necromancy                   5
   d - Dispel Undead                  Necromancy                   5
   e - Excruciating Wounds            Charms/Necromancy            5
   f - Bolt of Draining               Conjuration/Necromancy       5
   Zin disapproves of the use of such an item.
Comestibles
 e - 3 bread rations
 o - 7 chunks of flesh
 s - a meat ration


   Skills:
 * Level 3.1 Fighting
 * Level 4.0 Maces & Flails
 + Level 2.0 Throwing
 + Level 1.2 Armour
 + Level 3.0 Dodging
 - Level 0.2 Stealth
 + Level 0.7 Invocations


You had 4 spell levels left.
You didn't know any spells.

Dungeon Overview and Level Annotations

Branches:
Dungeon (3/15)

Altars:
Vehumet
Zin


Innate Abilities, Weirdness & Mutations

You are resistant to torment.
Your stone body is resilient (AC +4).
You are immune to poison.
You resist negative energy.
You are resistant to electric shocks.
You can survive without breathing.
You are immune to petrification.
You are immune to rotting.


Message History

The gnoll is severely wounded.
The gnoll completely misses you.
You closely miss the gnoll.
The gnoll is severely wounded.
The gnoll hits you with a flail.
* * * LOW HITPOINT WARNING * * *
You closely miss the gnoll.
The gnoll is severely wounded.
The gnoll hits you but does no damage.
You hit the gnoll.
The gnoll is severely wounded.
The gnoll misses you.
You hit the gnoll.
The gnoll is almost dead.
The gnoll hits you with a flail.
* * * LOW HITPOINT WARNING * * *
You hit the gnoll but do no damage.
The gnoll is almost dead.
The gnoll hits you with a flail!
You die...

#######
#.....########
#......@gl...#
#.....###g.....
#.....# .....
#.....# ....
#.....# ...
#.....# ..
#.....# .
#.....# #.....#


You could see 2 gnolls and a giant newt.

Vanquished Creatures
  2 gnolls (D:3)
  3 adders (D:2)
  An ooze (D:1)
  An orc (D:3)
  2 giant cockroaches
  6 goblins
  5 hobgoblins
  13 jackals
  A quokka (D:3)
  6 bats
  3 giant newts
  11 kobolds
  11 rats
65 creatures vanquished.

Notes
Turn   | Place    | Note
--------------------------------------------------------------
     0 | D:1      | Reofec the Gargoyle Gladiator began the quest for the Orb.
     0 | D:1      | Reached XP level 1. HP: 12/12 MP: 1/1
   165 | D:1      | Reached XP level 2. HP: 9/18 MP: 2/2
   785 | D:1      | Reached XP level 3. HP: 22/22 MP: 3/3
  1545 | D:2      | Found a glowing silver altar of Zin.
  1550 | D:2      | Became a worshipper of Zin the Law-Giver
  1551 | D:2      | Donated 25 gold pieces to Zin
  1646 | D:2      | Reached * piety under Zin
  1747 | D:2      | Reached XP level 4. HP: 24/27 MP: 4/4
  2002 | D:2      | Reached skill level 1 in Armour
  2530 | D:3      | Found a radiant altar of Vehumet.
  2580 | D:3      | Reached skill level 4 in Maces & Flails
  2589 | D:3      | Reached XP level 5. HP: 5/32 MP: 5/5
  2599 | D:3      | Slain by a gnoll

Vault maps used:
D:1:      elethiomel_arrival_maze, minmay_misc_feat_rows
D:2:      nicolae_overflow_crystal_walls, minmay_crystal_room
D:3:      portal_sewer_entry_c, st_stairs_1, vehumet_altar_wand_db, uniq_natasha

Action                   |  1- 3 |  4- 6 || total
-------------------------+-------+-------++-------
Melee: Flail             |   133 |   133 ||   266
Throw: Throwing net      |     3 |       ||     3
Invok: Donate Gold       |     1 |       ||     1
Evoke: Wand              |       |     1 ||     1
  Use: Potion            |     1 |     2 ||     3
       Scroll            |     1 |       ||     1
 Stab: Held in net/web   |     1 |       ||     1
  Eat: Chunk             |     3 |     3 ||     6
